 Dungeon Crawl Stone Soup version 0.31-a0-214-gb37851dbb3 (webtiles) character file.

Game seed: 4029748458342259899

251 qw the Chopper (level 6, -9/39 HPs)
             Began as a Gargoyle Fighter on June 30, 2023.
             Mangled by Duvessa
             ... wielding a +3 short sword of flaming
              (15 damage)
             ... on level 5 of the Dungeon.
             The game lasted 00:01:12 (1987 turns).

qw the Chopper (Gargoyle Fighter)                   Turns: 1987, Time: 00:01:12

Health: -9/39      AC: 17    Str: 21    XL:     6   Next: 13%
Magic:  6/6        EV:  5    Int:  9    God:
Gold:   141        SH:  4    Dex:  9    Spells: 5/5 levels left

rFire   . . .        Y - +0 war axe
rCold   . . .        c - +0 buckler
rNeg    + . .        g - +0 plate armour
rPois   inf          (no helmet)
rElec   +            a - +0 cloak
rCorr   .            (no gloves)
SInv    .            (no boots)
Will    .....        (no amulet) Stlth
                     (no ring)
HPRegen 0.26/turn    (no ring)
MPRegen 0.10/turn

%: no passive effects
@: no status effects
A: sickness immunity, AC +4, negative energy resistance 1, electricity
resistance, torment resistance 1, petrification resistance
a: no special abilities


You were on level 5 of the Dungeon.
You visited 1 branch of the dungeon, and saw 4 of its levels.

You collected 141 gold pieces.


Innate Abilities, Weirdness & Mutations

You are immune to sickness and miasma.
Your stone body is resilient. (AC +4)
You are immune to poison.
You resist negative energy. (rN+)
You are resistant to electric shocks. (rElec)
You are resistant to unholy torment.
You are immune to petrification.


   Skills:
 - Level 4.5 Fighting
 + Level 5.0 Axes
 - Level 3.2 Armour
 - Level 3.2 Shields


You had 5 spell levels left.
You didn't know any spells.
Your spell library was empty.

Inventory:

Hand Weapons
 e - a +0 mace
 Y - a +0 war axe (weapon)
Armour
 a - a +0 cloak (worn)
 c - a +0 buckler (worn)
 g - a +0 plate armour (worn)
Jewellery
 m - an amulet of regeneration
Scrolls
 b - 2 scrolls of identify
 f - a scroll of noise {unknown}
 n - 2 scrolls of poison {unknown}
Potions
 d - a potion of might
 h - a potion of magic {unknown}
 i - a potion of cancellation {unknown}
 j - a potion of curing
 k - a potion of enlightenment {unknown}
 l - a potion of brilliance {unknown}

Dungeon Overview and Level Annotations

Branches:
Dungeon (3/15)

Altars:
Kikubaaqudgha

Annotations:
D:5 Duvessa


Message History

Duvessa is moderately wounded.
Duvessa hits you but does no damage. x2; Dowan hits you but does no damage.
You barely miss Duvessa.
Duvessa is moderately wounded.
You barely miss Dowan. You block Dowan's attack.
Duvessa hits you with a +3 short sword of flaming.
Duvessa burns you.
You closely miss Duvessa.
Duvessa is moderately wounded.
You miss Dowan. Dowan casts a spell at you.
The puff of flame hits you but does no damage.
Duvessa hits you with a +3 short sword of flaming.
Duvessa burns you.
You closely miss Duvessa.
Duvessa is moderately wounded.
You slash Dowan! You block Dowan's attack. Duvessa hits you but does no damage.
You hit Duvessa but do no damage.
Duvessa is moderately wounded.
You hit Dowan.
Dowan points at Duvessa and mumbles some strange words.
Duvessa seems to speed up.
Duvessa hits you with a +3 short sword of flaming.
Duvessa burns you.
You slash Dowan!
You kill Dowan!
Duvessa screams in rage.
Duvessa goes berserk!
You slash Duvessa!
Duvessa hits you with a +3 short sword of flaming.
Duvessa burns you.
Duvessa hits you with a +3 short sword of flaming.
Duvessa burns you.
Your Fighting skill increases to level 4!
You have reached level 6!
You closely miss Duvessa.
Duvessa is moderately wounded.
Duvessa hits you with a +3 short sword of flaming!
You die...

.##.#.#.#.#.#.#.#
#..#.#.#.#.#.##
#.....##.##.####
#..... #.......#
##.# #.#...#.#
#.####...#...#
...#.#...#.#
.##.##.#.##.##.#
......)@.......#
.......e....##.#
....#..........#
<......####.####
. #.........#
#.#.####### e....
#...#


You could see Duvessa (berserk, fast).

Vanquished Creatures
  Dowan (D:5)
  A jelly (D:3)
  A hound (D:5)
  8 adders
  A dart slug (D:3)
  5 orcs (D:3)
  5 ball pythons
  5 endoplasms
  4 giant cockroaches
  5 goblins
  6 hobgoblins (D:1)
  7 jackals
  7 bats
  7 frilled lizards
  A kobold (D:3)
  4 rats
68 creatures vanquished.

Notes
Turn   | Place    | Note
-------+----------+-------------------------------------------
     0 | D:1      | qw the Gargoyle Fighter began the quest for the Orb.
     0 | D:1      | Reached XP level 1. HP: 14/14 MP: 1/1
     0 | D:1      | 0 ||| qw: Version: 0.3-a-32-g5962c71
     0 | D:1      | 0 ||| qw: Game counter: 7333
     0 | D:1      | 0 ||| qw: Melee chars always use a shield: true
     0 | D:1      | 0 ||| qw: God list: Okawaru
     0 | D:1      | 0 ||| qw: Allow faded altars: false
     0 | D:1      | 0 ||| qw: Do Orc after clearing Dungeon:15 true
     0 | D:1      | 0 ||| qw: Do second Lair branch before Depths: true
     0 | D:1      | 0 ||| qw: Lair rune preference: random
     0 | D:1      | 0 ||| qw: Goals: Normal, Zot:1-4, Slime:5, God:TSO, Crypt,
                  | Tomb, Abyss, Pan, Hells, Win
     0 | D:1      | 0 ||| PLANNING D:1-11
    44 | D:1      | Reached skill level 2 in Axes
    51 | D:1      | Reached XP level 2. HP: 19/19 MP: 2/2
   248 | D:1      | Reached skill level 3 in Axes
   309 | D:1      | Reached XP level 3. HP: 23/23 MP: 3/3
   683 | D:1      | 683 ||| READING scroll labelled JILA ICZYIHUSAOR.
   688 | D:1      | 688 ||| READING scroll labelled EFYAHUCLAOZ.
   689 | D:1      | 689 ||| READING 2 scrolls labelled ETRUALIA ENNIA.
   690 | D:1      | 690 ||| READING scroll labelled WEITODAUME.
   691 | D:1      | 691 ||| DROPPING scroll of vulnerability.
   709 | D:2      | 709 ||| STAIRDANCE
   745 | D:2      | 745 ||| Stepping ~*~*~tactically~*~*~ (stealth).
   746 | D:2      | 746 ||| Stepping ~*~*~tactically~*~*~ (stealth).
   814 | D:2      | 814 ||| Stepping ~*~*~tactically~*~*~ (stealth).
   820 | D:2      | Reached XP level 4. HP: 28/28 MP: 4/4
   860 | D:2      | 860 ||| DROPPING +0 club.
   868 | D:2      | 868 ||| DROPPING +0 whip.
   905 | D:2      | Reached skill level 4 in Axes
  1159 | D:2      | 1159 ||| Stepping ~*~*~tactically~*~*~ (hiding).
  1575 | D:2      | 1575 ||| UPGRADING to +0 cloak.
  1580 | D:2      | 1580 ||| UPGRADING to +0 plate armour.
  1590 | D:2      | 1590 ||| DROPPING +0 scale mail.
  1591 | D:2      | 1591 ||| READING scroll labelled VIONUE YJUS.
  1592 | D:2      | 1592 ||| READING scroll labelled HUV QIXAARIFIE.
  1593 | D:2      | 1593 ||| DRINKING 2 blue potions.
  1708 | D:3      | Reached XP level 5. HP: 32/32 MP: 5/5
  1897 | D:3      | Found an ancient bone altar of Kikubaaqudgha.
  1925 | D:3      | You fall into a shaft and drop 2 floors!
  1925 | D:5      | Entered Level 5 of the Dungeon
  1938 | D:5      | Reached skill level 5 in Axes
  1973 | D:5      | Noticed Dowan
  1974 | D:5      | 1974 ||| Stepping ~*~*~tactically~*~*~ (stealth).
  1974 | D:5      | Noticed Duvessa
  1986 | D:5      | Killed Dowan
  1986 | D:5      | HP: 6/33 [Duvessa/+3 short sword of flaming (3)]
  1987 | D:5      | Reached XP level 6. HP: 6/39 MP: 6/6
  1987 | D:5      | Mangled by Duvessa

Levels and vault maps discovered:
D:1:      nicolae_arrival_somewhat_less_tricky_arrival, layout_rooms
D:2:      layout_loops_ring
D:3:      layout_rooms, mainiacjoe_overflow_tiny_flanked,
          chequers_serial_rivers_micro_a, serial_park_tiny_1,
          hangedman_abyss_or_decor_stabs
D:5:      minmay_clustersquares, layout_loops_cross, grunt_dithmenos_smoke,
          nicolae_vehumet_radiance, amcnicky_mini_corridor_feature,
          minivault_23, minmay_misc_feat_encased, uniq_grinder, uniq_duvessa

Skill      XL: |  1  2  3  4  5 |
---------------+----------------+-----
Axes           | 2 3 4 5 |  5.0
Fighting       | 4 |  4.5
Armour         | |  3.2
Shields        | |  3.2

Action                     |  1- 3 |  4- 6 || total
---------------------------+-------+-------++-------
  Melee: War axe           |   112 |   119 ||   231
    Use: Scroll            |     4 |     2 ||     6
         Potion            |       |     1 ||     1
 Armour: Scale mail        |    67 |    21 ||    88
         Plate armour      |       |    68 ||    68
  Dodge: Dodged            |    52 |    32 ||    84
  Block: Buckler           |    32 |    23 ||    55

Table legend:
 A = Non-vault XP
 B = Vault XP
 C = Vault XP percentage of total XP
 D = Non-vault monster count
 E = Vault monster count
 F = Vault count percentage of total count
                 A         B        C        D         E       F
            +---------+---------+-------+---------+---------+-------
      Total |     290 |      69 |  19.2 |      67 |       1 |   1.5
            +---------+---------+-------+---------+---------+-------
        D:1 |      60 |       0 |   0.0 |      28 |       0 |   0.0
        D:2 |      68 |       0 |   0.0 |      21 |       0 |   0.0
        D:3 |      96 |       0 |   0.0 |      15 |       0 |   0.0
        D:5 |      66 |      69 |  51.1 |       3 |       1 |  25.0
            +---------+---------+-------+---------+---------+-------
